 Dungeon Crawl Stone Soup version 0.20-a0-428-g059cf21 (webtiles) character file.

33417 HallandMoats the Protected (level 13, -9/128 HPs)
             Began as a Minotaur Fighter on Jan 2, 2017.
             Was an Elder of Ashenzari.
             Killed by divine providence
             ... invoked by a meliai
              (16 damage)
             ... on level 14 of the Dungeon.
             The game lasted 00:39:22 (17314 turns).

HallandMoats the Protected (Minotaur Fighter)      Turns: 17314, Time: 00:39:24

Health: -9/128     AC: 10    Str: 26      XL:     13   Next: 36%
Magic:  17/17      EV: 18    Int: 11      God:    Ashenzari [****..]
Gold:   663        SH:  3    Dex: 13 (14) Spells: 12/12 levels left

rFire  + . .     SeeInvis +     W - +0 battleaxe (flame)
rCold  . . .     Gourm    .     M - +0 leather armour "Nacouxko" {rN+ Int+4 Stlth+} (curse)
rNeg   + + .     Faith    .     (shield currently unavailable)
rPois  .         Spirit   .     (helmet restricted)
rElec  .         Reflect  +     C - +1 cloak
rCorr  .         Harm     .     L - +0 pair of gloves
MR     +....     Clarity  +     u - +0 pair of boots
Stlth  +++.......               x - +3 amulet of reflection
                                B - ring of positive energy
                                y - ring of protection from fire

@: about to teleport
A: retaliatory headbutt, horns 2, thin skeletal structure 1, clever 1,
deterioration 1, magic resistance 1, robust 1, strong 1, wild magic 1
a: Curse Item, Scrying, Renounce Religion


You were on level 14 of the Dungeon.
You worshipped Ashenzari.
Ashenzari was greatly pleased with you.
You were not hungry.

You visited 2 branches of the dungeon, and saw 15 of its levels.
You also visited: Sewer.

You collected 663 gold pieces.

Inventory:

Hand Weapons
 a - a +1 war axe
 W - a +0 battleaxe of flaming (weapon)
Missiles
 X - a throwing net (quivered)
Armour
 c - a +0 shield
 j - a +2 robe of magic resistance
 s - a +0 troll leather armour
 u - a +0 pair of boots (worn)
 C - a +1 cloak (worn)
 L - a +0 pair of gloves (worn)
 M - the cursed +0 leather armour "Nacouxko" (worn) {rN+ Int+4 Stlth+}
   (You found it on level 9 of the Dungeon)

   It affects your intelligence (+4).
   It protects you from negative energy.
   It makes you more stealthy.
   It has a curse placed upon it.
Jewellery
 x - a +3 amulet of reflection (around neck)
 y - a ring of protection from fire (left hand)
 B - a ring of positive energy (right hand)
 F - an uncursed ring of flight
 G - a +3 ring of evasion
 Q - an uncursed ring of resist corrosion
Wands
 l - a wand of disintegration (15/24)
 o - a wand of acid (7/15)
 r - a wand of polymorph (0/24)
 t - a wand of confusion (23/48)
 w - a wand of clouds (0/9)
 E - a wand of scattershot (0/9)
 J - a wand of confusion (34/48)
 R - a wand of enslavement (14/24)
Scrolls
 b - 4 scrolls of enchant weapon
 h - 9 scrolls of remove curse
 i - a scroll of brand weapon {unknown}
 k - 2 scrolls of immolation {unknown}
 n - 2 scrolls of enchant armour
 q - a scroll of acquirement {unknown}
 v - a scroll of identify
 z - 2 scrolls of magic mapping
 P - a scroll of holy word {unknown}
 S - a scroll of recharging {unknown}
Potions
 d - a potion of resistance
 e - a potion of ambrosia
 A - 3 potions of brilliance
 D - 2 potions of lignification
 H - 3 potions of curing
 V - a potion of flight
Books
 m - a book of Geomancy

   Spells                             Type                      Level
   a - Sandblast                      Earth                        1
   b - Passwall                       Transmutation/Earth          2
   c - Stone Arrow                    Conjuration/Earth            3
   d - Petrify                        Transmutation/Earth          4
   e - Lee's Rapid Deconstruction     Earth                        5
Miscellaneous
 I - a phantom mirror
Comestibles
 f - 5 bread rations
 p - 6 meat rations


   Skills:
 + Level 11.9 Fighting
 + Level 11.7 Axes
 + Level 12.2 Armour
 + Level 10.4 Dodging
 + Level 12.1 Shields
 * Level 7.4 Evocations


You had 12 spell levels left.
You didn't know any spells.

Dungeon Overview and Level Annotations

Branches:
Dungeon (14/15)            Temple (1/1) D:4            Lair (0/6) D:8
    Orc (0/2) D:9          Vaults (0/5) D:13

Altars:
Ashenzari
Cheibriados
Dithmenos
Elyvilon
Fedhas
Gozag
Hepliaklqana
Kikubaaqudgha
Makhleb
Nemelex Xobeh
Okawaru
Qazlal
Ru
Sif Muna
Trog
Uskayaw
Vehumet
Xom
Yredelemnul
Zin
The Shining One

Shops:
D:7 !


Innate Abilities, Weirdness & Mutations

You reflexively headbutt those who attack you in melee.
You have a pair of horns on your head.
You have a somewhat thin skeletal structure. (Dex +2, Stealth)
Your mind is acute. (Int +2)
Your body sometimes deteriorates upon taking damage.
You are resistant to hostile enchantments. (MR+)
You are robust. (+10% HP)
Your muscles are strong. (Str +2)
Your spells are a little harder to cast, but a little more powerful.


Message History

The meliai mumbles some strange prayers to its god against you.
Something smites you!
* * * LOW HITPOINT WARNING * * *
The efreet gestures at you.
The fireball explodes!
The fireball engulfs you! You resist.
* * * LOW HITPOINT WARNING * * *
The fireball engulfs the efreet.
The efreet completely resists.
You feel better.
You feel less invigorated. The efreet gestures at you.
The fireball explodes!
The fireball engulfs you! You resist.
* * * LOW HITPOINT WARNING * * *
The fireball engulfs the efreet.
The efreet completely resists.
As you read the scroll of teleportation, it crumbles to dust.
You feel strangely unstable.
The meliai mumbles some strange prayers to its god against you.
Something smites you!
* * * LOW HITPOINT WARNING * * *
The meliai calls down the wrath of its god upon you.
Something smites you!
You die...

,, * **, , ,
,, , * , , , *
* * **** ,, *
, , , **
..######### *
#..yyR@..# ***
#.######.# *,,
, #.# * * ***
#.# , **
#########.#
#.........# *
,###........##
*
,,..#.......##
≈ #.........#


You could see an efreet and 2 meliai.

Vanquished Creatures
  A rakshasa (D:13)
  4 vault guards (D:13)
  A hydra (D:11)
  6 two-headed ogres
  A centaur warrior (D:9)
  Urug (D:14)
  11 skeletal warriors
  3 unseen horrors
  2 ugly things
  A deep elf mage (D:12)
  A cyclops (D:14)
  An ice statue (D:8)
  A centaur skeleton (D:9)
  2 gargoyles
  An efreet (D:13)
  6 ice devils (D:8)
  A meliai (D:14)
  3 trolls
  5 hippogriffs
  A slime creature (D:13)
  Sigmund (D:2)
  A wraith (D:12)
  A basilisk (D:12)
  2 shadows
  2 hogs (D:8)
  A human (D:8)
  14 yaks
  Grum (D:10)
  2 hungry ghosts
  3 vampire mosquitoes (D:13)
  Menkaure (D:6)
  2 water moccasins
  3 orc warriors
  2 sky beasts
  A black bear (D:12)
  2 phantoms
  3 ice beasts
  7 ogres
  2 wolves (D:10)
  10 centaurs
  2 crocodiles (D:12)
  12 bullfrogs
  Blork the orc (D:6)
  A big kobold (D:12)
  A gnoll sergeant (D:6)
  A wyvern zombie (D:11)
  3 scorpions
  A wyvern skeleton (D:13)
  8 wights
  2 electric eels (D:12)
  3 howler monkeys
  6 crimson imps
  2 bullfrog zombies
  8 hounds
  10 orc priests
  3 bullfrog skeletons
  4 jellies
  3 orc wizards
  Jessica (D:3)
  2 iguanas (D:11)
  9 worker ants
  A hound zombie (D:11)
  A worker ant zombie (D:8)
  7 gnolls
  15 adders
  A river rat (D:3)
  2 shadow imps
  A white imp (D:8)
  5 ufetubi (D:8)
  13 oozes
  2 adder skeletons
  2 worms
  2 dart slugs (D:1)
  12 leopard geckos
  34 orcs
  8 ball pythons
  7 bats
  16 giant cockroaches
  5 goblins
  7 hobgoblins
  9 jackals
  3 quokkas
  13 frilled lizards
  12 kobolds
  A quokka skeleton (D:8)
  7 rats
383 creatures vanquished.

Vanquished Creatures (others)
  A centaur (D:7)
  A quokka (D:14)
2 creatures vanquished.

Grand Total: 385 creatures vanquished

Notes
Turn   | Place    | Note
-------+----------+-------------------------------------------
     0 | D:1      | HallandMoats the Minotaur Fighter began the quest for the Orb.
     0 | D:1      | Reached XP level 1. HP: 19/19 MP: 0/0
   165 | D:1      | Reached XP level 2. HP: 20/27 MP: 1/1
   804 | D:1      | Reached skill level 1 in Dodging
   946 | D:2      | Found a faded altar of an unknown god.
   947 | D:2      | Noticed Sigmund
  1071 | D:2      | Killed Sigmund
  1071 | D:2      | Reached XP level 3. HP: 27/34 MP: 2/2
  1071 | D:2      | Reached XP level 4. HP: 33/41 MP: 3/3
  1071 | D:2      | Reached XP level 5. HP: 38/47 MP: 4/4
  1153 | D:2      | Became a worshipper of Ashenzari the Shackled
  1153 | D:2      | Reached * piety under Ashenzari
  1221 | D:2      | Found a bloodstained altar of Trog.
  1678 | D:3      | Found a white marble altar of Elyvilon.
  1887 | D:3      | Reached XP level 6. HP: 43/55 MP: 5/5
  1891 | D:3      | Found a glowing drain.
  1895 | Sewer    | Entered a sewer
  1903 | Sewer    | Reached skill level 5 in Armour
  1962 | Sewer    | Reached skill level 5 in Fighting
  2018 | Sewer    | Reached skill level 5 in Shields
  2590 | D:3      | Noticed Jessica
  2601 | D:3      | Killed Jessica
  2601 | D:3      | Reached XP level 7. HP: 61/61 MP: 6/6
  2906 | D:3      | Found a deep blue altar of Sif Muna.
  3553 | D:4      | Found a staircase to the Ecumenical Temple.
  3841 | Temple   | Entered the Ecumenical Temple
  3841 | Temple   | Reached ** piety under Ashenzari
  4116 | D:5      | Entered Level 5 of the Dungeon
  4309 | D:5      | Found a hide-covered altar of Uskayaw.
  4309 | D:5      | Found a glowing golden altar of the Shining One.
  4517 | D:5      | Reached skill level 5 in Axes
  4588 | D:5      | Found a glowing silver altar of Zin.
  4779 | D:6      | Noticed Blork the orc
  4784 | D:6      | Killed Blork the orc
  4786 | D:6      | Reached XP level 8. HP: 65/70 MP: 7/7
  5555 | D:6      | Noticed Menkaure
  5560 | D:6      | Killed Menkaure
  5560 | D:6      | Reached skill level 5 in Dodging
  5673 | D:7      | Found a sparkling altar of Nemelex Xobeh.
  5793 | D:7      | Found a sacrificial altar of Ru.
  5810 | D:7      | Found Cufoaniwn's Distillery.
  5868 | D:7      | Reached XP level 9. HP: 79/79 MP: 8/8
  6126 | D:7      | Found a snail-covered altar of Cheibriados.
  6521 | D:8      | Found a deep blue altar of Sif Muna.
  6735 | D:8      | Found a staircase to the Lair.
  6735 | D:8      | Noticed an ice devil
  6735 | D:8      | Noticed an ice devil
  6735 | D:8      | Noticed an ice devil
  6736 | D:8      | Noticed an ice statue
  6736 | D:8      | Noticed an ice devil
  6737 | D:8      | Noticed an ice devil
  6784 | D:8      | Noticed an ice devil
  6794 | D:8      | Killed an ice devil
  6804 | D:8      | Killed an ice devil
  6843 | D:8      | Killed an ice devil
  6847 | D:8      | Killed an ice devil
  6850 | D:8      | Killed an ice devil
  6859 | D:8      | Killed an ice devil
  6859 | D:8      | Reached XP level 10. HP: 53/90 MP: 9/9
  6876 | D:8      | Killed an ice statue
  6971 | D:8      | Noticed a two-headed ogre
  6975 | D:8      | Noticed a two-headed ogre
  7312 | D:8      | Killed a two-headed ogre
  7401 | D:8      | Killed a two-headed ogre
  8102 | D:9      | Reached skill level 10 in Armour
  8148 | D:9      | Found a staircase to the Orcish Mines.
  8208 | D:9      | Noticed a centaur warrior
  8217 | D:9      | Killed a centaur warrior
  8217 | D:9      | Reached XP level 11. HP: 66/99 MP: 10/10
  8253 | D:9      | Got the cursed leather armour "Nacouxko" {rN+ Int+4 Stlth+}
  8255 | D:9      | Noticed a two-headed ogre
  8263 | D:9      | Killed a two-headed ogre
  8263 | D:9      | Reached skill level 10 in Shields
  8280 | D:9      | Identified the cursed +0 leather armour "Nacouxko" {rN+ Int+4 Stlth+} (You found it on level 9 of the Dungeon)
  8624 | D:9      | Reached skill level 10 in Fighting
  8653 | D:9      | Gained mutation: You are resistant to hostile enchantments. (MR+) [mutagenic meat]
  8654 | D:9      | Gained mutation: You are covered in fur. (AC +1) [mutagenic meat]
  8655 | D:9      | Gained mutation: Your spells are a little easier to cast, but a little less powerful. [mutagenic meat]
  8656 | D:9      | Lost mutation: Your spells are a little easier to cast, but a little less powerful. [mutagenic meat]
  8657 | D:9      | Reached *** piety under Ashenzari
  8916 | D:10     | Entered Level 10 of the Dungeon
  9104 | D:10     | Noticed an unseen horror
  9134 | D:10     | Killed an unseen horror
  9245 | D:10     | Noticed Grum
  9250 | D:10     | Reached skill level 1 in Evocations
  9255 | D:10     | Killed Grum
  9394 | D:10     | Reached skill level 10 in Axes
  9947 | D:11     | Noticed an unseen horror
  9947 | D:11     | Noticed an unseen horror
 10078 | D:11     | Noticed an eight-headed hydra
 11114 | D:11     | Killed a nine-headed hydra
 11148 | D:11     | HP: 2/101 [troll (6)]
 11725 | D:12     | Noticed a skeletal warrior
 11727 | D:12     | Noticed a two-headed ogre
 12122 | D:12     | Killed a two-headed ogre
 12122 | D:12     | Reached XP level 12. HP: 23/108 MP: 13/13
 12490 | D:12     | HP: 4/162 [skeletal warrior/trident[a skeletal warrior] (19)]
 13301 | D:12     | Lost mutation: You are resistant to hostile enchantments. (MR+) [potion of cure mutation]
 13301 | D:12     | Lost mutation: You are covered in fur. (AC +1) [potion of cure mutation]
 13302 | D:12     | Gained mutation: Your body sometimes deteriorates upon taking damage. [potion of mutation]
 13302 | D:12     | Gained mutation: You are robust. (+10% HP) [potion of mutation]
 13302 | D:12     | Gained mutation: You have a somewhat thin skeletal structure. (Dex +2, Stealth) [potion of mutation]
 13303 | D:12     | Gained mutation: You are resistant to hostile enchantments. (MR+) [potion of beneficial mutation]
 13322 | D:12     | Reached skill level 5 in Evocations
 13693 | D:12     | Reached **** piety under Ashenzari
 14843 | D:13     | Gained mutation: Your muscles are strong. (Str +2) [mutagenic meat]
 14844 | D:13     | Gained mutation: Your spells are a little harder to cast, but a little more powerful. [mutagenic meat]
 14845 | D:13     | Gained mutation: Your mind is acute. (Int +2) [mutagenic meat]
 14898 | D:13     | Reached skill level 10 in Dodging
 15424 | D:13     | Noticed a vault guard
 15426 | D:13     | Noticed a vault guard
 15426 | D:13     | Found a gate to the Vaults.
 15427 | D:13     | Noticed a vault guard
 15427 | D:13     | Noticed a vault guard
 15429 | D:13     | Noticed a rakshasa
 15444 | D:13     | Killed a vault guard
 15448 | D:13     | Killed a vault guard
 15462 | D:13     | Killed a vault guard
 15488 | D:13     | Reached XP level 13. HP: 36/127 MP: 16/16
 16373 | D:14     | Noticed Urug
 16515 | D:14     | Killed Urug
 17314 | D:14     | Killed from afar by a meliai

Vault maps used:
D:1:      zelgadis_glass_arrival_small
D:2:      bloody_trog, chequers_ecumenical_altar_simple_redux, uniq_sigmund
D:3:      old_standard_altar, nicolae_overflow_crystal_walls,
          gup_sewer_entry_spiral, uniq_jessica
D:4:      first_bread, cheibrodos_gnoll_hut
D:5:      zin_academy, chequers_temple_overflow_statue_of_worship,
          grunt_ministairs_15
D:6:      uniq_menkaure, uniq_blork_the_orc
D:7:      marbit_many_paths, old_standard_altar, overflow_temple_1_default,
          serial_shops, shop_fountains
D:8:      cheibrodos_frozen_isle, lair_entry_dummy, grunt_livestock,
          lemuel_blue_sif_altar
D:9:      orc_0_dummy
D:10:     uniq_grum
D:11:     due_unseen_surprise
D:13:     lightli_vaults_fourway_checkpoint, minmay_misc_feat_more_columns,
          hangedman_abyss_or_decor_lesser_grid, minmay_door_square
D:14:     basic_altar, elyvilon_altar_4, uniq_azrael, uniq_josephine,
          uniq_kirke, uniq_urug
Temple:   nicolae_temple_hex_pool
Sewer:    sewer_frog_island_02

Skill      XL: |  1  2  3  4  5  6  7  8  9 10 11 12 13 |
---------------+----------------------------------------+-----
Shields        | 4 5 6 7 8 9 10 11 12 | 12.1
Dodging        | 2 3 4 5 6 8 9 10 | 10.4
Fighting       | 4 5 6 7 8 9 10 11 | 11.9
Axes           | 3 4 5 6 8 9 10 11 | 11.7
Armour         | 4 5 6 7 8 10 11 12 | 12.2
Evocations     | 3 6 7 |  7.4

Action                   |  1- 3 |  4- 6 |  7- 9 | 10-12 | 13-15 || total
-------------------------+-------+-------+-------+-------+-------++-------
Melee: War axe           |    40 |   176 |   273 |   310 |       ||   799
       Headbutt          |     7 |    29 |    63 |   148 |    30 ||   277
       Battleaxe         |       |       |       |   290 |    97 ||   387
Throw: Javelin           |       |       |     6 |       |       ||     6
       Throwing net      |       |       |       |     2 |       ||     2
Evoke: Wand              |       |       |    10 |       |       ||    10
  Use: Scroll            |       |     1 |    12 |     9 |     1 ||    23
       Potion            |       |     1 |     2 |    11 |     4 ||    18
 Stab: Sleeping          |       |     1 |       |     7 |       ||     8
       Distracted        |       |       |       |     2 |       ||     2
  Eat: Chunk             |       |     5 |    13 |    18 |     1 ||    37
       Beef jerky        |       |       |     1 |     2 |       ||     3
       Fruit             |       |       |       |     2 |       ||     2
       Pizza             |       |       |       |     8 |       ||     8
       Royal jelly       |       |       |       |     1 |       ||     1
       Bread ration      |       |       |       |       |     2 ||     2
Armor: Scale mail        |    15 |     1 |       |       |       ||    16
       Robe              |       |    53 |    49 |    29 |       ||   131
       Leather armour    |       |       |       |    91 |     8 ||    99
Dodge: Dodged            |     8 |    96 |    98 |   393 |    69 ||   664
Block: Shield            |    22 |   114 |   167 |   251 |       ||   554
       Reflection        |       |       |     5 |     7 |     1 ||    13
       Other             |       |       |       |    36 |     8 ||    44
